 Dungeon Crawl Stone Soup version 0.30-a0-1094-g860fb061e7 (webtiles) character file.

Game seed: 10414896409290942078

54 retardedninja the Firebug (level 3, -7/26 HPs)
             Began as a Hill Orc Fire Elementalist on Apr 14, 2023.
             Mangled by a gnoll
             ... wielding a +2 halberd of protection
              (18 damage)
             ... on level 2 of the Dungeon on Apr 17, 2023.
             The game lasted 00:02:54 (2077 turns).

retardedninja the Firebug (HOFE)                    Turns: 2077, Time: 00:02:55

Health: -7/26      AC:  2    Str: 10    XL:     3   Next: 91%
Magic:  1/6        EV: 12    Int: 17    God:
Gold:   71         SH:  0    Dex: 11    Spells: 5/6 levels left

rFire   . . .      SeeInvis .    (no weapon)
rCold   . . .      Faith    .    (no shield)
rNeg    . . .      Spirit   .    a - +0 robe
rPois   .          Reflect  .    (no helmet)
rElec   .          Rampage  .    (no cloak)
rCorr   .                        (no gloves)
Will    .....                    (no boots)
Stlth   ++                       (no amulet)
HPRegen 0.24/turn                (no ring)
MPRegen 0.10/turn                (no ring)

@: no status effects
A: no striking features
a: no special abilities


You were on level 2 of the Dungeon.
You visited 1 branch of the dungeon, and saw 2 of its levels.

You collected 71 gold pieces.

Inventory:

Armour
 a - a +0 robe (worn)
 f - a +0 pair of boots
Scrolls
 c - 2 scrolls of fear {unknown}
 g - 2 scrolls of identify {unknown}
 j - 2 scrolls of noise {unknown}
Potions
 b - a potion of magic
 d - a potion of mutation {unknown}
 e - 3 potions of curing
 h - a potion of cancellation {unknown}
 i - a potion of invisibility {unknown}


   Skills:
 + Level 2.0 Dodging
 + Level 2.1 Stealth
 + Level 2.0 Spellcasting
 + Level 1.7 Conjurations
 + Level 3.7 Fire Magic


You had 5 spell levels left.
You knew the following spells:

 Your Spells              Type           Power      Damage    Failure   Level
a - Foxfire               Conj/Fire      44%        2x1d6     6%          1

Your spell library contained the following spells:

 Spells                   Type           Power      Damage    Failure   Level
 Scorch                   Fire           28%        2d6       6%          2
 Inner Flame              Hex/Fire       8%         N/A       26%         3
 Volatile Blastmotes      Fire/Tloc      16%        2d11      26%         3
 Flame Wave               Conj/Fire      11%        2d6       52%         4
 Sticky Flame             Conj/Fire      11%        2d3       52%         4


Dungeon Overview and Level Annotations

Branches:
Dungeon (2/15)

Altars:


Message History

Magic restored.
You start waiting.
Done waiting.
A gnoll comes into view.
It is wielding a +2 halberd of protection.
The gnoll moves out of view.
A gnoll comes into view. It is wielding a +0 flail.
You conjure some foxfire!
The gnoll shouts! x3
Your foxfire dissipates!
You conjure some foxfire!
The foxfire hits the gnoll but does no damage.
The foxfire hits the gnoll.
The gnoll is moderately wounded.
You conjure some foxfire!
The foxfire hits the gnoll but does no damage. x2
You conjure some foxfire!
The foxfire hits the gnoll.
The gnoll is moderately wounded.
The foxfire hits the gnoll.
The gnoll is moderately wounded.
The gnoll hits you from afar with a +2 halberd of protection!
Ouch! That really hurt!
You are too injured to fight recklessly!
Casting: Foxfire (safe; 6% risk of failure)
Press: ? - help, Q - select action Dir - look around, f - activate You conjure some foxfire!
The gnoll hits you from afar with a +2 halberd of protection!
* * * LOW HITPOINT WARNING * * *
The foxfire hits the gnoll but does no damage.
The gnoll is moderately wounded.
The foxfire hits the gnoll but does no damage.
The gnoll is moderately wounded.
The gnoll misses you.
It was a potion of curing.
You feel better. The gnoll closely misses you.
Casting: Foxfire (safe; 6% risk of failure)
Press: ? - help, Q - select action Dir - look around, f - activate You conjure some foxfire!
The gnoll hits you from afar with a +2 halberd of protection!!
Ouch! That really hurt!
You die...

##...## #.###.## #. ##'##
#. #.# #. #.# # #.## #g #.#
#..# #g ####.#### ##.# #.
#.......# #.####.# #.
#.......####...[...
#.#######.v...#....######.#
#.....ggg.@..##...........#
#########v...##....########
#.........## ###########


You could see 3 gnolls.

Vanquished Creatures
  An adder (D:2)
  A gnoll (D:2)
  A worm (D:2)
  A dart slug (D:1)
  An endoplasm (D:1)
  3 goblins (D:1)
  2 hobgoblins (D:1)
  3 jackals (D:1)
  4 quokkas (D:1)
  5 ball pythons
  4 bats
  A kobold (D:2)
  3 rats
30 creatures vanquished.

Vanquished Creatures (others)
  135 foxfires
135 creatures vanquished.

Grand Total: 165 creatures vanquished

Notes
Turn   | Place    | Note
-------+----------+-------------------------------------------
     0 | D:1      | retardedninja the Hill Orc Fire Elementalist began the
                  | quest for the Orb.
     0 | D:1      | Reached XP level 1. HP: 14/14 MP: 3/3
     0 | D:1      | Noticed a shadow dragon
     1 | D:1      | Noticed a large abomination
     2 | D:1      | Noticed a green draconian
     4 | D:1      | Noticed a large abomination
     6 | D:1      | Noticed a black draconian
     7 | D:1      | Noticed an orb of fire
     8 | D:1      | Noticed a tentacled monstrosity
     9 | D:1      | Noticed a green draconian
    11 | D:1      | Noticed a large abomination
    11 | D:1      | Noticed a tentacled monstrosity
    13 | D:1      | Noticed a shadow dragon
    13 | D:1      | Noticed a tentacled monstrosity
    15 | D:1      | Noticed an orb of fire
    15 | D:1      | Noticed a shadow dragon
    15 | D:1      | Noticed an orb of fire
    17 | D:1      | Noticed an orb of fire
    17 | D:1      | Noticed a yellow draconian
    19 | D:1      | Noticed a shadow dragon
    19 | D:1      | Noticed an orb of fire
    21 | D:1      | Noticed a tentacled monstrosity
   114 | D:1      | Found a faded altar of an unknown god.
   259 | D:1      | Reached XP level 2. HP: 11/20 MP: 1/4
   982 | D:1      | Reached XP level 3. HP: 26/26 MP: 3/5
  1096 | D:1      | Upgraded the game from 0.30-a0-1075-gcd70e7a56d to
                  | 0.30-a0-1082-g70414cbcbb
  1183 | D:2      | Upgraded the game from 0.30-a0-1082-g70414cbcbb to
                  | 0.30-a0-1094-g860fb061e7
  2074 | D:2      | HP: 1/26 [gnoll/+2 halberd of protection (8)]
  2077 | D:2      | Mangled by a gnoll

Illustrated notes

Levels and vault maps discovered:
D:1:      shiori_arrival_whats_in_store_for_you, layout_basic,
          shapermc_ecumenical_altar_petra
D:2:      layout_loops_corners

Skill      XL: |  1  2  3 |
---------------+----------+-----
Stealth        | 2 |  2.1
Dodging        | 2 |  2.0
Spellcasting   | 2 |  2.0
Conjurations   | |  1.7
Fire Magic     | |  3.7

Action                     || total
---------------------------++-------
  Melee: Unarmed           ||     7
   Cast: Foxfire           ||    84
    Use: Potion            ||     1
 Armour: Robe              ||     9
  Dodge: Dodged            ||    50

Table legend: (Time is in decaauts)
 A = Elapsed time spent in this place.
 B = Non-inter-level travel time spent in this place.
 C = Inter-level travel time spent in this place.
 D = Time resting spent in this place.
 E = Time spent auto-exploring this place.
 F = Levels seen in this place.
 G = Mean time per level.
                   A        B        C        D        E       F      G
               +--------+--------+--------+--------+--------+-----+--------+
         Total |   2076 |   2069 |      7 |    143 |   1616 |   2 | 1038.0 |
       Dungeon |   2076 |   2069 |      7 |    143 |   1616 |   2 | 1038.0 |
               +--------+--------+--------+--------+--------+-----+--------+

Top non-repeatable levels by time:
     D:1: 1104 daAuts
     D:2: 972 daAuts
